 Dungeon Crawl Stone Soup version 0.31.0-32-g396128a36d (webtiles) character file.

Game seed: 17784133204170336072

51 spaghetti the Trooper (level 3, -3/37 HPs)
             Began as a Naga Chaos Knight on Mar 11, 2024.
             Was a Plaything of Xom.
             Slain by a goblin
             ... wielding a +0 club
             ... led by Robin
              (4 damage)
             ... on level 1 of the Dungeon.
             The game lasted 00:01:13 (926 turns).

spaghetti the Trooper (Naga Chaos Knight)            Turns: 926, Time: 00:01:13

Health: -3/37      AC:  4    Str: 14    XL:     3   Next: 81%
Magic:  3/3        EV:  9    Int: 14    God:    Xom [......]
Gold:   32         SH:  0    Dex: 10    Spells: 2/2 levels left

rFire   . . .        a - +0 spear (chaos)
rCold   . . .        (no shield)
rNeg    . . .        b - +2 leather armour
rPois   +            (no helmet)
rElec   .            (no cloak)
rCorr   .            (no gloves)
SInv    +            (no barding)
Will    .....        (no amulet)
Stlth   +            (no ring)
HPRegen 0.26/turn    (no ring)
MPRegen 0.08/turn

%: no passive effects
@: lethally poisoned (-3 -> -5), very slow
A: AC +1, large, see invisible, deformed body, poison resistance, slowness 2,
spit poison 1, naga tail 1
a: Spit Poison, Renounce Religion


You were on level 1 of the Dungeon.
You worshipped Xom.
You were a very special plaything of Xom.
You visited 1 branch of the dungeon, and saw 2 of its levels.

You collected 32 gold pieces.

Inventory:

Hand Weapons
 a - a +0 spear of chaos (weapon)
Armour
 b - a +2 leather armour (worn)
Scrolls
 d - a scroll of vulnerability {unknown}
 e - a scroll of teleportation {unknown}
 f - a scroll of amnesia {unknown}
 g - a scroll of fear {unknown}
 h - a scroll of identify {unknown}


   Skills:
 + Level 4.6 Fighting
 - Level 3.0 Polearms
 - Level 1.5 Armour
 - Level 0.7 Dodging


You had 2 spell levels left.
You didn't know any spells.
Your spell library was empty.

Dungeon Overview and Level Annotations

Branches:
Dungeon (2/15)

Altars:

Annotations:
D:2 Robin


Innate Abilities, Weirdness & Mutations

Your serpentine skin is tough. (AC +1)
You have supernaturally acute eyesight. (SInv)
Armour fits poorly on your strangely shaped body.
Your system is resistant to poisons. (rPois)
You cover ground very slowly.
You can spit poison.
You have a snake-like lower body.


Message History

The goblin hits you but does no damage.
You closely miss the adder.
The adder is moderately wounded.
The adder closely misses you. x2; The goblin hits you with a +0 club.
The goblin hits you but does no damage. The adder barely misses you.
The goblin hits you with a +0 club. The adder barely misses you.
The goblin attacks as it pursues you! The goblin hits you but does no damage.
The adder attacks as it pursues you! The adder closely misses you.
The adder bites you but does no damage. The adder attacks as it pursues you!
The adder bites you. x2
You hit the adder.
The adder is poisoned.
The adder is severely wounded.
The adder closely misses you.
You miss the adder.
The adder is severely wounded.
The adder bites you but does no damage.
You hit the adder.
The adder is severely wounded.
The adder bites you.
* * * LOW HITPOINT WARNING * * *
The adder bites you.
* * * LOW HITPOINT WARNING * * *
You barely miss the adder.
The adder is almost dead.
The adder bites you.
* * * LOW HITPOINT WARNING * * *
You are lethally poisoned!
The adder poisons you!
You barely miss the adder.
The adder is almost dead.
* * * LOW HITPOINT WARNING * * *
You feel sick.
You kill the adder!
You barely miss the goblin.
* * * LOW HITPOINT WARNING * * *
You feel sick.
The goblin no longer looks unusually strong.
The goblin hits you with a +0 club.
You die...

...# #.....# #......# #
##.#######.# #......# #
##...## #.# #......####
......####.#########
#..........
...##..#.(.).......#
#......####
########b#.....###.#
######.#### #b#....gg.#.#
#.##.. #...##..#g#.# #.#...
#######.#.)>#@#.#########.#..#
#.g..gg.#..)#.#.........#.#..#
#.#######...#.#########.#.#..#
#g# #...#....# #.#.#..# ###g#
#......#.# #.#.#..# #...#
#.#.##.#.# #.#.#..#
#)#########.#)##.#.# #.#.#...
#.........).#.#..#.# #.#.#.##
#############.#..#.# #.#.....


You could see 2 goblins.

Vanquished Creatures
  An adder (D:1)
  A dart slug (D:1)
  3 endoplasms (D:1)
  13 goblins (D:1)
  3 hobgoblins (D:1)
  5 ball pythons (D:1)
  2 bats
  A frilled lizard (D:1)
  3 kobolds (D:1)
  4 rats (D:1)
36 creatures vanquished.

Notes
Turn   | Place    | Note
-------+----------+-------------------------------------------
     0 | D:1      | spaghetti the Naga Chaos Knight began the quest for the
                  | Orb.
     0 | D:1      | Reached XP level 1. HP: 21/21 MP: 1/1
   115 | D:1      | XOM: silly message
   195 | D:1      | Reached XP level 2. HP: 28/28 MP: 2/2
   209 | D:1      | XOM: silly message
   435 | D:1      | Reached skill level 4 in Fighting
   535 | D:1      | Reached XP level 3. HP: 36/36 MP: 3/3
   572 | D:2      | Found a faded altar of an unknown god.
   640 | D:2      | Noticed Robin
   926 | D:1      | HP: 1/37 [poisoned by an adder]
   926 | D:1      | Slain by a goblin

Illustrated notes

Levels and vault maps discovered:
D:1:      lemuel_arrival_tunnels, layout_basic
D:2:      layout_loops_ring, nicolae_ecumenical_oubliette, uniq_robin

Skill      XL: |  1  2 |
---------------+-------+-----
Fighting       | 4 |  4.6
Polearms       | |  3.0
Armour         | |  1.5
Dodging        | |  0.7

Action                     || total
---------------------------++-------
  Melee: Spear             ||    97
         Punch             ||     3
Ability: Spit Poison       ||     1
    Use: Scroll            ||     1
   Stab: Paralysed         ||     1
 Armour: Leather armour    ||    99
  Dodge: Dodged            ||    60
